[Event "Titled Tuesday Blitz December 14 2021"]
[White "Kamsky, Gata"]
[Black "Shkapenko, Pavel"]
[WhiteFideId "2000024"]
[BlackFideId "4151933"]
[WhiteElo "2645"]
[BlackElo "2386"]
[Result "1/2-1/2"]
[Round "10"]
[TimeControl "180+1"]
[Date "2021.12.14"]
[WhiteClock "0:01:20"]
[BlackClock "0:01:49"]

1. e4 e5 2. Nf3 Nc6 3. Bb5 Bc5 4. O-O d6 5. c3 Bd7 6. d4 Bb6 7. a4 a6 8. Bxc6 Bxc6 9. dxe5 dxe5 10. Qxd8+ Rxd8 11. Nxe5 Bxe4 12. Re1 f5 13. Nc4 Ba7 14. Be3 Bxe3 15. Nxe3 Kf7 16. f3 Bxb1 17. Raxb1 Ne7 18. Nc4 Nc6 19. Ne5+ Nxe5 20. Rxe5 g6 21. Rbe1 Rhe8 22. Rxe8 Rxe8 23. Rxe8 Kxe8 24. Kf2 Ke7 25. Ke3 c5 26. a5 Ke6 27. Kf4 Kf6 28. h4 h6 29. g3 g5+ 30. hxg5+ hxg5+ 31. Ke3 Ke5 32. Kd3 Kd5 33. c4+ Ke5 34. b3 Ke6 35. Ke3 Ke5 36. Kd3 Ke6 37. Ke3 Ke5 38. Kd3 1/2-1/2


[Site "https://www.chess.com"]

[Event "Titled Tuesday Blitz December 14 2021"]
[White "Kanyamarala, Tarun"]
[Black "Petrovskyi, Vadym"]
[WhiteFideId "45004714"]
[BlackFideId "14165210"]
[WhiteElo "2077"]
[BlackElo "2377"]
[Result "0-1"]
[Round "10"]
[TimeControl "180+1"]
[Date "2021.12.14"]
[WhiteClock "0:00:16"]
[BlackClock "0:01:04"]

1. d4 Nf6 2. c4 e6 3. Nc3 d5 4. cxd5 exd5 5. Bg5 Be7 6. e3 O-O 7. Bd3 c6 8. h3 Nbd7 9. Nf3 Re8 10. Qc2 Nf8 11. O-O Ng6 12. Ne5 Nd7 13. Bxe7 Qxe7 14. Nxg6 hxg6 15. Rab1 a5 16. a3 Nf6 17. Na4 Ne4 18. Nb6 Rb8 19. b4 axb4 20. Rxb4 Qg5 21. Kh2 Bf5 22. Na4 Re7 23. Nc5 Nd6 24. Rfb1 Bxd3 25. Qxd3 b5 26. a4 Rbe8 27. axb5 cxb5 28. Ra1 Nf5 29. Rxb5 Nxe3 30. fxe3 Rxe3 31. Qf1 Qg3+ 32. Kh1 Re1 33. Rxe1 Rxe1 34. Rb8+ Kh7 35. Qxe1 Qxe1+ 36. Kh2 Qd2 37. Nb3 Qf4+ 0-1


[Site "https://www.chess.com"]

[Event "Titled Tuesday Blitz December 14 2021"]
[White "Keymer, Vincent"]
[Black "Sarana, Alexey"]
[WhiteFideId "12940690"]
[BlackFideId "24133795"]
[WhiteElo "2557"]
[BlackElo "2672"]
[Result "0-1"]
[Round "10"]
[TimeControl "180+1"]
[Date "2021.12.14"]
[WhiteClock "0:00:16"]
[BlackClock "0:00:57"]

1. c4 e5 2. d3 Nf6 3. Nf3 Nc6 4. a3 g6 5. g3 Bg7 6. Bg2 O-O 7. O-O Re8 8. e4 a5 9. Nc3 d6 10. h3 Nd7 11. Rb1 Nc5 12. b4 axb4 13. axb4 Ne6 14. Be3 Ncd4 15. Bxd4 exd4 16. Ne2 c6 17. Nh2 Ng5 18. h4 Ne6 19. f4 f5 20. Kh1 Ra2 21. Nc1 Ra3 22. Re1 fxe4 23. Rxe4 Nc7 24. Nb3 Bf5 25. Rxe8+ Qxe8 26. g4 Bd7 27. Ra1 Rxa1 28. Nxa1 Qe3 29. Qf1 Qg3 30. Nc2 Ne6 31. Qf3 Qxh4 32. Kg1 Qf6 33. f5 Ng5 34. Qe2 gxf5 35. gxf5 Qxf5 36. Qe7 Be5 37. Ne1 Bxh2+ 38. Kh1 Be5 0-1


[Site "https://www.chess.com"]

[Event "Titled Tuesday Blitz December 14 2021"]
[White "Kosteniuk, Alexandra"]
[Black "Timofeev, Artyom"]
[WhiteFideId "4128125"]
[BlackFideId "4140419"]
[WhiteElo "2475"]
[BlackElo "2628"]
[Result "1/2-1/2"]
[Round "10"]
[TimeControl "180+1"]
[Date "2021.12.14"]
[WhiteClock "0:00:43"]
[BlackClock "0:00:45"]

1. e4 c5 2. c3 d5 3. exd5 Qxd5 4. d4 g6 5. Nf3 Bg7 6. Nbd2 Nf6 7. Bc4 Qd6 8. O-O O-O 9. h3 Nc6 10. dxc5 Qxc5 11. Qe2 Qh5 12. Nb3 Bd7 13. Bf4 Rad8 14. Rad1 Bc8 15. Rfe1 Rxd1 16. Rxd1 Qf5 17. Be3 a6 18. Bb6 Qe4 19. Qxe4 Nxe4 20. Kf1 Nd6 21. Bd5 Ne5 22. Nxe5 Bxe5 23. Nc5 Kg7 24. h4 Bf6 25. g3 Bg4 26. f3 Bc8 27. Kf2 h5 28. a4 g5 29. hxg5 Bxg5 30. Ne4 Nxe4+ 31. Bxe4 f5 32. Bd5 e6 33. Bb3 h4 34. gxh4 Bxh4+ 35. Ke3 Bf6 36. Rg1+ Kf7 37. Rh1 Rh8 38. Rxh8 Bxh8 39. Bc7 Ke7 40. f4 Bf6 41. a5 Bd7 42. Bc4 Bc6 43. Bb6 Kd7 44. Bd4 Bd8 45. b4 Bc7 46. Bd3 Bd6 47. Bf6 Bf8 48. Bd4 Bd6 49. Bf6 Bf8 50. Bd4 Bd6 1/2-1/2


[Site "https://www.chess.com"]

[Event "Titled Tuesday Blitz December 14 2021"]
[White "Lazavik, Denis"]
[Black "Fawzy, Adham"]
[WhiteFideId "13515110"]
[BlackFideId "10613129"]
[WhiteElo "2436"]
[BlackElo "2508"]
[Result "1-0"]
[Round "10"]
[TimeControl "180+1"]
[Date "2021.12.14"]
[WhiteClock "0:00:31"]
[BlackClock "0:00:02"]

1. d4 Nf6 2. c4 g6 3. g3 c6 4. Nf3 d5 5. b3 Bg7 6. Bg2 O-O 7. O-O Ne4 8. Bb2 Nd7 9. Nc3 Nxc3 10. Bxc3 Nc5 11. e3 Ne4 12. Bb2 Bg4 13. Qc2 Qd7 14. Ne5 Bxe5 15. dxe5 Bh3 16. Rfd1 Bxg2 17. Kxg2 Ng5 18. f4 Qh3+ 19. Kg1 Ne6 20. cxd5 cxd5 21. Rxd5 Rac8 22. Qe2 Rc6 23. Rad1 Rfc8 24. R5d2 Nc5 25. Qg2 Qf5 26. Rd4 Ne6 27. e4 Qg4 28. R4d2 a5 29. Rf1 Nc5 30. h3 Qh5 31. f5 Qh6 32. Rf4 Qf8 33. e6 f6 34. e5 gxf5 35. exf6 Nxe6 36. Rxf5 1-0


[Site "https://www.chess.com"]

[Event "Titled Tuesday Blitz December 14 2021"]
[White "Madaminov, Mukhiddin"]
[Black "Tari, Aryan"]
[WhiteFideId "14210703"]
[BlackFideId "1510045"]
[WhiteElo "1916"]
[BlackElo "2656"]
[Result "0-1"]
[Round "10"]
[TimeControl "180+1"]
[Date "2021.12.14"]
[WhiteClock "0:01:18"]
[BlackClock "0:02:20"]

1. e4 c6 2. Nf3 d5 3. Nc3 dxe4 4. Nxe4 Nf6 5. Qe2 Nxe4 6. Qxe4 Nd7 7. Bc4 Nf6 8. Ne5 e6 9. Qe2 b5 10. Bb3 Bd6 11. O-O O-O 12. d4 Qc7 13. c3 c5 14. Qxb5 cxd4 15. cxd4 a5 16. Qc4 Qb8 17. Rd1 Ba6 18. Qa4 Bb5 19. Nc6 Qb6 0-1


[Site "https://www.chess.com"]

[Event "Titled Tuesday Blitz December 14 2021"]
[White "Maksimovic, Bojan"]
[Black "Dubov, Daniil"]
[WhiteFideId "14408120"]
[BlackFideId "24126055"]
[WhiteElo "2458"]
[BlackElo "2749"]
[Result "0-1"]
[Round "10"]
[TimeControl "180+1"]
[Date "2021.12.14"]
[WhiteClock "0:00:22"]
[BlackClock "0:01:41"]

1. e4 Nc6 2. Nf3 d5 3. exd5 Qxd5 4. Nc3 Qh5 5. Be2 Bg4 6. h3 O-O-O 7. O-O Bxf3 8. Bxf3 Qg6 9. Bh5 Qf6 10. b4 g6 11. Bg4+ Kb8 12. b5 Nd4 13. Bb2 Bg7 14. a4 h5 15. Be2 Nh6 16. a5 Ng4 17. a6 Qd6 18. Bxg4 hxg4 19. Qxg4 f5 20. Qd1 Qf4 21. Ra4 Rxh3 22. gxh3 Be5 0-1


[Site "https://www.chess.com"]

[Event "Titled Tuesday Blitz December 14 2021"]
[White "Martinez Alcantara, Jose Eduardo"]
[Black "Sviridov, Valery"]
[WhiteFideId "3805662"]
[BlackFideId "4120680"]
[WhiteElo "2690"]
[BlackElo "2454"]
[Result "1-0"]
[Round "10"]
[TimeControl "180+1"]
[Date "2021.12.14"]
[WhiteClock "0:00:07"]
[BlackClock "0:00:02"]

1. e4 e5 2. Nf3 Nc6 3. Bb5 Nge7 4. c3 g6 5. d4 exd4 6. cxd4 Bg7 7. d5 Na5 8. Nc3 a6 9. Be2 d6 10. O-O O-O 11. Qc2 c5 12. h3 b5 13. Bf4 b4 14. Nd1 f5 15. Bg5 h6 16. Bxe7 Qxe7 17. exf5 Bxf5 18. Qa4 Qxe2 19. Qxa5 Be4 20. Re1 Qd3 21. Nh2 Qxd5 22. Ne3 Qc6 23. Rad1 Bxb2 24. f3 Bf5 25. Nhg4 Bg7 26. Nd5 Kh7 27. Re7 Kh8 28. Nge3 Rae8 29. Kh1 Rxe7 30. Nxe7 Qe8 31. N3d5 Be6 32. Qxa6 Bxd5 33. Nxd5 Qe6 34. Nc7 Qe5 35. Qxd6 Qxd6 36. Rxd6 Be5 37. Rd7 c4 38. Nd5 Ra8 39. Nxb4 c3 40. Nd3 c2 41. Rd5 Bb2 42. Rc5 c1=Q+ 43. Nxc1 Bxc1 44. Rxc1 Rxa2 45. Rc7 Ra8 46. Kh2 Rd8 47. h4 Rd4 48. Kg3 Kg8 49. Re7 Ra4 50. Re4 Ra5 51. Re6 Kf7 52. Rb6 Ra7 53. Rc6 Rd7 54. Ra6 h5 55. Ra4 Rd5 56. Kf4 Kg7 57. g3 Rf5+ 58. Ke4 Rb5 59. Rd4 Ra5 60. Rd7+ Kf6 61. Rd6+ Kf7 62. Rd5 Ra4+ 63. Ke5 Ra3 64. Rd7+ Ke8 65. Rg7 Rxf3 66. Rxg6 Kf7 67. Rg5 Ke7 68. Ke4 Ra3 69. Kf4 Ra4+ 70. Kf5 Ra3 71. Kg6 1-0


[Site "https://www.chess.com"]

[Event "Titled Tuesday Blitz December 14 2021"]
[White "Martins, Bruno Andre Leite"]
[Black "VesePower"]
[WhiteFideId "1942255"]
[WhiteElo "2137"]
[BlackElo "2757"]
[Result "1/2-1/2"]
[Round "10"]
[TimeControl "180+1"]
[Date "2021.12.14"]
[WhiteClock "0:00:02"]
[BlackClock "0:00:05"]

1. e4 c6 2. Nf3 d5 3. Nc3 Bg4 4. h3 Bxf3 5. Qxf3 e6 6. d4 dxe4 7. Qxe4 Nf6 8. Qh4 Be7 9. Bg5 Nbd7 10. Bd3 h6 11. O-O Qa5 12. Bd2 Qc7 13. Rad1 O-O-O 14. Ne2 g5 15. Qg3 Bd6 16. Qe3 g4 17. c4 gxh3 18. Qxh3 c5 19. b4 b6 20. bxc5 bxc5 21. Rb1 Rhg8 22. Qf3 Nb6 23. Qxf6 cxd4 24. a4 Qc6 25. g3 Nd7 26. Qxd4 Nc5 27. Qe3 Bxg3 28. Nxg3 Rxd3 29. Qf4 e5 30. Qxe5 Nd7 31. Qf4 Rf3 32. Qh4 Ne5 33. Bf4 Rg4 34. Qe7 Rfxf4 35. Qxe5 Rd4 36. Qf5+ Kc7 37. Qxf7+ Rd7 38. Qe8 Rd8 39. Qxc6+ Kxc6 40. Rfe1 Rxc4 41. Re6+ Kd7 42. Rxh6 Rxa4 43. Rd1+ Kc8 44. Rc1+ Kb8 45. Rb1+ Ka8 46. Rh7 Rad4 47. Rbb7 Rd1+ 48. Kg2 Ra1 49. Ne4 Rg8+ 50. Ng3 Rd8 51. Rbf7 Ra2 52. Kh3 Kb8 53. f4 Rg8 54. Rfg7 Rxg7 55. Rxg7 Rf2 56. f5 a5 57. Kg4 a4 58. Re7 a3 59. Re3 a2 60. Ra3 Kc7 61. Ne4 Rg2+ 62. Kf4 Kd7 63. Ke5 Rb2 64. Ra7+ Ke8 65. Ke6 Rb6+ 66. Nd6+ Kf8 67. f6 Rb8 68. Rxa2 Rd8 69. Rh2 Kg8 70. f7+ Kg7 71. Rg2+ Kh7 72. Ke7 Ra8 73. f8=N+ Kh6 74. Nf5+ Kh5 75. Nd6 Kh4 76. Ne6 Kh3 77. Rg6 Ra1 78. Kf6 Rf1+ 79. Nf5 Kh2 80. Nd4 Kh3 81. Ke5 Re1+ 82. Kf4 Re8 83. Nf3 Re4+ 84. Kxe4 1/2-1/2


[Site "https://www.chess.com"]

[Event "Titled Tuesday Blitz December 14 2021"]
[White "Matinian, Nikita"]
[Black "Ibrahimli, Murad"]
[WhiteFideId "24129100"]
[BlackFideId "13410229"]
[WhiteElo "2422"]
[BlackElo "2109"]
[Result "1-0"]
[Round "10"]
[TimeControl "180+1"]
[Date "2021.12.14"]
[WhiteClock "0:00:21"]
[BlackClock "0:00:06"]

1. e4 c5 2. Nc3 Nc6 3. Bb5 Nd4 4. Nf3 e6 5. O-O a6 6. Bd3 Nc6 7. Re1 d6 8. b3 g6 9. Bb2 Bg7 10. Na4 Bxb2 11. Nxb2 e5 12. a4 Nf6 13. Nc4 Be6 14. Ng5 Bg4 15. Be2 Bxe2 16. Qxe2 Nh5 17. Nh3 O-O 18. c3 Qe7 19. Nb6 Rad8 20. Nd5 Qh4 21. Qe3 Ne7 22. Nxe7+ Qxe7 23. d4 cxd4 24. cxd4 Kg7 25. Rac1 Rc8 26. d5 h6 27. g4 Nf6 28. f3 h5 29. g5 Nh7 30. a5 Qd7 31. Kg2 Qb5 32. Qb6 Qxb6 33. axb6 Rfd8 34. Kg3 Nf8 35. Rc7 Rxc7 36. bxc7 Rc8 37. Rc1 Nd7 38. b4 Nb6 39. f4 exf4+ 40. Kxf4 Na8 41. e5 dxe5+ 42. Ke4 Rxc7 43. Rxc7 Nxc7 44. Kxe5 Kf8 45. Nf4 b6 46. d6 Ne6 47. Nxe6+ fxe6 48. Kf6 Ke8 49. Kxg6 a5 50. Kf6 a4 51. g6 1-0


[Site "https://www.chess.com"]

[Event "Titled Tuesday Blitz December 14 2021"]
[White "Mitusov, Semen"]
[Black "Faizrakhmanov, Ramil"]
[WhiteFideId "14151049"]
[BlackFideId "24103209"]
[WhiteElo "2246"]
[BlackElo "2396"]
[Result "1-0"]
[Round "10"]
[TimeControl "180+1"]
[Date "2021.12.14"]
[WhiteClock "0:00:14"]
[BlackClock "0:00:04"]

1. e4 c5 2. c3 Nf6 3. e5 Nd5 4. d4 cxd4 5. Nf3 e6 6. cxd4 Nc6 7. a3 d6 8. Bd3 dxe5 9. dxe5 Be7 10. O-O O-O 11. Qc2 h6 12. Qe2 Bd7 13. Rd1 Qc7 14. Nc3 Rac8 15. Bxh6 gxh6 16. Qe4 f5 17. exf6 Rxf6 18. Qh7+ Kf8 19. Qh8+ Kf7 20. Qh7+ Ke8 21. Qh8+ Rf8 22. Qxh6 Qf4 23. Qh5+ Kd8 24. Nxd5 exd5 25. Qxd5 Rc7 26. b4 a6 27. b5 axb5 28. Bxb5 Kc8 29. Rab1 Qf5 30. Qd2 Bc5 31. a4 Rd8 32. a5 Be6 33. Qe1 Rxd1 34. Rxd1 Nd4 35. Nxd4 Bxd4 36. Rxd4 Rc5 37. Bd3 Qf6 38. Rd6 Re5 39. Qc3+ Kb8 40. a6 Qf4 41. a7+ Kxa7 42. Qa3+ Kb8 43. Rd8+ Kc7 44. Qd6# 1-0


[Site "https://www.chess.com"]

[Event "Titled Tuesday Blitz December 14 2021"]
[White "Moroni, Luca Jr"]
[Black "Andreikin, Dmitry"]
[WhiteFideId "865834"]
[BlackFideId "4158814"]
[WhiteElo "2491"]
[BlackElo "2736"]
[Result "0-1"]
[Round "10"]
[TimeControl "180+1"]
[Date "2021.12.14"]
[WhiteClock "0:00:01"]
[BlackClock "0:00:13"]

1. d4 g6 2. e4 Bg7 3. Nc3 c6 4. h4 Qb6 5. Nf3 d6 6. h5 Bg4 7. hxg6 hxg6 8. Rxh8 Bxh8 9. Ne2 Nf6 10. Qd3 Na6 11. c3 O-O-O 12. Ng5 Rf8 13. f3 Bd7 14. b4 c5 15. bxc5 dxc5 16. Rb1 Qa5 17. Kf2 Ne8 18. Bf4 Qxa2 19. Kg1 Nec7 20. Nc1 Qa3 21. Nb3 c4 22. Qxc4 Bb5 23. Qxb5 Nxb5 24. Bxb5 Qa2 25. Nd2 Nc7 26. Bc4 Qc2 27. Nxf7 Qxc3 28. Kh2 Bxd4 29. Rb3 Qc1 30. Rd3 Qg1+ 31. Kh3 b5 32. Bb3 Qh1+ 33. Kg3 Qe1+ 34. Kh3 Bf2 35. Bxc7 Kxc7 0-1


[Site "https://www.chess.com"]

[Event "Titled Tuesday Blitz December 14 2021"]
[White "Nakamura, Hikaru"]
[Black "Holt, Conrad"]
[WhiteFideId "2016192"]
[BlackFideId "2034387"]
[WhiteElo "2884"]
[BlackElo "2586"]
[Result "1/2-1/2"]
[Round "10"]
[TimeControl "180+1"]
[Date "2021.12.14"]
[WhiteClock "0:00:21"]
[BlackClock "0:00:06"]

1. e4 e6 2. d3 d5 3. Nd2 Bd6 4. Ngf3 c5 5. g3 Nc6 6. Bg2 Nge7 7. O-O O-O 8. Re1 Qc7 9. b3 Bd7 10. Bb2 Ng6 11. h4 d4 12. c3 dxc3 13. Bxc3 Nge5 14. Qc2 Rfd8 15. Rac1 Be8 16. Rcd1 Nb4 17. Bxb4 cxb4 18. Qxc7 Bxc7 19. d4 Ng4 20. Nc4 Rac8 21. Bh3 h5 22. d5 b5 23. Ne3 Nxe3 24. Rxe3 Rb8 25. Red3 exd5 26. exd5 Rd6 27. Ng5 Bd7 28. Bxd7 Rxd7 29. Ne4 Re8 30. Nd2 Bb6 31. Kf1 Re5 32. Nf3 Rf5 33. R1d2 Kf8 34. Ne1 Ke7 35. d6+ Kd8 36. Ng2 g6 37. Nf4 Kc8 38. Nd5 Kb7 39. Nxb4 Ba5 40. a3 Bxb4 41. axb4 Kc6 42. Rc2+ Kb6 43. Rc8 Rf6 44. Rb8+ Kc6 45. Rc3+ Kxd6 46. Rxb5 Ke7 47. Ra5 Rb6 48. Rc4 Ke6 49. Ke2 Rbd6 50. Re4+ Kf6 51. Re3 Rd2+ 52. Kf3 R2d4 53. Rb5 R4d5 54. Rb8 Rd4 55. Kg2 Kg7 56. Rc3 Kf6 57. Rc4 Rd3 58. Rbc8 Rxb3 59. R8c7 Rxc7 60. Rxc7 Rxb4 61. Rxa7 Rb6 62. Ra2 Rc6 1/2-1/2


[Site "https://www.chess.com"]

[Event "Titled Tuesday Blitz December 14 2021"]
[White "Rakhmanov, Aleksandr"]
[Black "Nesterov, Arseniy"]
[WhiteFideId "4173708"]
[BlackFideId "24198455"]
[WhiteElo "2500"]
[BlackElo "2489"]
[Result "1-0"]
[Round "10"]
[TimeControl "180+1"]
[Date "2021.12.14"]
[WhiteClock "0:00:02"]
[BlackClock "0:00:02"]

1. d4 d5 2. c4 e6 3. Nc3 c5 4. cxd5 exd5 5. Nf3 Nc6 6. Bg5 Nf6 7. e3 Be6 8. Bb5 Be7 9. dxc5 Bxc5 10. Nd4 Rc8 11. O-O O-O 12. Bxc6 bxc6 13. Qa4 Bd7 14. Rac1 Bb6 15. Qd1 h6 16. Bh4 Qe7 17. Nce2 Qe5 18. Bg3 Qh5 19. b4 Ne4 20. Nf4 Qxd1 21. Rfxd1 g5 22. Nd3 f6 23. Nc5 Bxc5 24. bxc5 Nxg3 25. hxg3 Rb8 26. Rb1 Kf7 27. Rb3 Ke7 28. Rdb1 Rxb3 29. axb3 Rb8 30. Ra1 Rb7 31. Ra6 h5 32. Kf1 Ke8 33. Ke1 h4 34. gxh4 gxh4 35. Kd2 Kd8 36. Kc3 Kc7 37. Ra1 Kb8 38. Rh1 h3 39. gxh3 Rc7 40. h4 Rc8 41. h5 Rh8 42. h6 Rh7 43. b4 Kc7 44. Ne2 Bf5 45. Nf4 Kd7 46. Ne2 Be4 47. Rh2 Ke6 48. Nd4+ Kd7 49. f3 Bb1 50. Rh1 Bg6 51. Ra1 Rxh6 52. Rxa7+ Kc8 53. Nxc6 Bh5 54. b5 Bxf3 55. b6 d4+ 56. Nxd4 Bd5 57. c6 f5 58. Ra8# 1-0


[Site "https://www.chess.com"]

[Event "Titled Tuesday Blitz December 14 2021"]
[White "Shipov, Sergei"]
[Black "Guliev, Logman"]
[WhiteFideId "4113624"]
[BlackFideId "13400061"]
[WhiteElo "2742"]
[BlackElo "2128"]
[Result "1-0"]
[Round "10"]
[TimeControl "180+1"]
[Date "2021.12.14"]
[WhiteClock "0:00:59"]
[BlackClock "0:00:02"]

1. d4 Nf6 2. c4 e6 3. Nc3 Bb4 4. Qc2 O-O 5. a3 Bxc3+ 6. Qxc3 b6 7. Bg5 Bb7 8. e3 d6 9. Ne2 Nbd7 10. Qc2 c5 11. Rd1 Qe7 12. Nc3 cxd4 13. Rxd4 Ne5 14. Qd1 h6 15. Bh4 Ng6 16. Bg3 d5 17. cxd5 exd5 18. Be2 Rac8 19. O-O Ne5 20. Qa4 Bc6 21. Qb4 Qxb4 22. axb4 Rfe8 23. Ra1 Ra8 24. b5 Bb7 25. Rda4 Nc4 26. Bxc4 dxc4 27. Rxa7 Ne4 28. Bc7 Nxc3 29. bxc3 Rxa7 30. Rxa7 Be4 31. f3 Bc2 32. Kf2 Re6 33. e4 f5 34. exf5 Bxf5 35. Rb7 Bd3 36. Bxb6 Re2+ 37. Kg3 Rb2 38. Bd4 Bf1 39. Rxg7+ Kf8 40. Kh3 Rxb5 41. Rg6 h5 42. Rh6 Rb2 43. Rg6 Rd2 44. Rg5 1-0


[Site "https://www.chess.com"]

[Event "Titled Tuesday Blitz December 14 2021"]
[White "Svane, Frederik"]
[Black "Silva, Miguel Antonio Neto"]
[WhiteFideId "12923044"]
[BlackFideId "1911929"]
[WhiteElo "2459"]
[BlackElo "2204"]
[Result "1-0"]
[Round "10"]
[TimeControl "180+1"]
[Date "2021.12.14"]
[WhiteClock "0:02:02"]
[BlackClock "0:01:47"]

1. e4 c5 2. Nf3 d6 3. d4 cxd4 4. Nxd4 Nf6 5. Nc3 a6 6. Be3 e5 7. Nf3 Be7 8. Bc4 h6 9. O-O Be6 10. Bb3 O-O 11. Nh4 b5 12. Nf5 Nc6 13. Qf3 Re8 14. Bxh6 Bxf5 15. Qxf5 Qc8 16. Qg6 1-0


[Site "https://www.chess.com"]

[Event "Titled Tuesday Blitz December 14 2021"]
[White "Tologon tegin, Semetei"]
[Black "Grandelius, Nils"]
[WhiteFideId "13800574"]
[BlackFideId "1710400"]
[WhiteElo "2224"]
[BlackElo "2617"]
[Result "0-1"]
[Round "10"]
[TimeControl "180+1"]
[Date "2021.12.14"]
[WhiteClock "0:00:04"]
[BlackClock "0:01:45"]

1. e4 c6 2. d4 d5 3. e5 c5 4. dxc5 e6 5. a3 Bxc5 6. b4 Be7 7. Nf3 a5 8. b5 Nd7 9. Bd3 f6 10. Bb2 Nh6 11. O-O O-O 12. Nbd2 Nf7 13. Re1 fxe5 14. Nxe5 Nfxe5 15. Bxe5 Nxe5 16. Rxe5 Bf6 17. Qh5 g6 18. Bxg6 hxg6 19. Qxg6+ Bg7 20. Rh5 Qf6 21. Qh7+ Kf7 22. Re1 Rh8 23. Qxh8 Bxh8 24. Nf3 Bd7 25. Ne5+ Qxe5 26. Rhxe5 Bxe5 27. Rxe5 Rc8 28. f4 Rxc2 29. f5 Kf6 30. fxe6 Bxe6 31. Rh5 Ra2 32. Rh6+ Ke5 33. Rh7 d4 34. Rxb7 Rxg2+ 35. Kxg2 Bd5+ 36. Kf2 Bxb7 37. Ke2 Kd5 38. h4 Kc5 39. Kd3 Bc8 40. b6 Bf5+ 41. Kd2 Kxb6 42. h5 Kc5 43. h6 Bh7 0-1


[Site "https://www.chess.com"]

[Event "Titled Tuesday Blitz December 14 2021"]
[White "Urazayev, Arystanbek"]
[Black "Acor, Corey"]
[WhiteFideId "13709810"]
[BlackFideId "2024861"]
[WhiteElo "2321"]
[BlackElo "2303"]
[Result "1-0"]
[Round "10"]
[TimeControl "180+1"]
[Date "2021.12.14"]
[WhiteClock "0:02:29"]
[BlackClock "0:01:57"]

1. d4 Nf6 2. c4 e5 3. dxe5 Ng4 4. Nf3 Nc6 5. Bf4 Bb4+ 6. Nbd2 Qe7 7. e3 Ngxe5 8. Nxe5 Nxe5 9. Be2 d6 10. O-O O-O 11. Nb1 Bc5 12. Nc3 c6 13. Ne4 Bf5 14. Nxc5 dxc5 15. Qd2 Rfd8 16. Qc3 Ng6 17. Bg3 Rd7 18. Rfd1 Rad8 19. Rxd7 Qxd7 20. h4 Qd2 21. Rd1 Qxd1+ 22. Bxd1 Rxd1+ 23. Kh2 h5 24. Qa5 a6 25. Qxc5 Be6 26. b3 Nf8 27. Qxh5 Nd7 28. Qxd1 1-0


[Site "https://www.chess.com"]

[Event "Titled Tuesday Blitz December 14 2021"]
[White "Vidit, Santosh Gujrathi"]
[Black "Maly, Alexey"]
[WhiteFideId "5029465"]
[BlackFideId "14103184"]
[WhiteElo "2628"]
[BlackElo "2294"]
[Result "0-1"]
[Round "10"]
[TimeControl "180+1"]
[Date "2021.12.14"]
[WhiteClock "0:00:01"]
[BlackClock "0:00:08"]

1. d4 d5 2. Nf3 Nf6 3. Bf4 e6 4. e3 c5 5. Nbd2 Bd6 6. Bb5+ Nc6 7. c3 O-O 8. Bg3 Ne7 9. Bd3 b6 10. Ne5 Nf5 11. Qf3 Nxg3 12. hxg3 h6 13. g4 Nd7 14. Nxd7 Bxd7 15. Rh5 cxd4 16. exd4 Re8 17. O-O-O e5 18. dxe5 Bxe5 19. Re1 Bf6 20. Rxe8+ Qxe8 21. Rh1 Rc8 22. Kb1 Bb5 23. Nb3 a5 24. Qxd5 Bxd3+ 25. Qxd3 a4 26. Nd4 a3 27. bxa3 Qa4 28. Kb2 Ra8 29. Nb5 Qxg4 30. g3 Qa4 31. Re1 g6 32. Re4 Qa6 33. Qc4 Rc8 34. Qd5 Kg7 35. Nd6 Rf8 36. Ne8+ Rxe8 37. Rxe8 Qf1 38. f4 Qf2+ 39. Kb3 Qxg3 40. Qc4 h5 41. Qb4 Qf3 42. Qf8+ Kh7 43. Qxf7+ Bg7 44. Rc8 Qd3 45. Qc4 Qb1+ 46. Ka4 Qc2+ 47. Qb3 Qe4+ 48. c4 Qb7 49. Rd8 Qa6+ 50. Kb4 Qa5# 0-1


[Site "https://www.chess.com"]

[Event "Titled Tuesday Blitz December 14 2021"]
[White "Weetik, Vjacheslav"]
[Black "Zhigalko, Sergei"]
[WhiteFideId "4153472"]
[BlackFideId "13502956"]
[WhiteElo "2469"]
[BlackElo "2662"]
[Result "0-1"]
[Round "10"]
[TimeControl "180+1"]
[Date "2021.12.14"]
[WhiteClock "0:00:08"]
[BlackClock "0:00:13"]

1. d4 Nf6 2. Nf3 e6 3. Bf4 d5 4. Nbd2 Bd6 5. e3 O-O 6. Bd3 b6 7. O-O Bb7 8. Bg5 Be7 9. Qe2 c5 10. c3 Nc6 11. Ba6 Qc8 12. Bxb7 Qxb7 13. Rfd1 Rfd8 14. h3 Rac8 15. Rab1 h6 16. Bf4 b5 17. a3 a5 18. Ne5 b4 19. Ndf3 Ne4 20. axb4 cxb4 21. Nxc6 Rxc6 22. Ne5 Rcc8 23. Qh5 Bf8 24. cxb4 axb4 25. Rbc1 b3 26. f3 Nf6 27. Qh4 g5 28. Bxg5 hxg5 29. Qxg5+ Bg7 30. h4 Nh7 31. Qg3 Kh8 32. Rc5 Rxc5 33. dxc5 Rc8 34. c6 Qc7 35. f4 Bxe5 36. fxe5 Qxc6 37. Qf4 Rg8 38. Rd2 Qc1+ 0-1


[Site "https://www.chess.com"]

[Event "Titled Tuesday Blitz December 14 2021"]
[White "Xiong, Jeffery"]
[Black "Pichot, Alan"]
[WhiteFideId "2047640"]
[BlackFideId "110973"]
[WhiteElo "2727"]
[BlackElo "2629"]
[Result "1-0"]
[Round "10"]
[TimeControl "180+1"]
[Date "2021.12.14"]
[WhiteClock "0:00:46"]
[BlackClock "0:00:39"]

1. d4 Nf6 2. Nf3 e6 3. Bf4 Be7 4. e3 Nh5 5. Bd3 d6 6. Nc3 b6 7. h4 Nxf4 8. exf4 Bb7 9. Qe2 Nd7 10. O-O-O O-O 11. Rh3 c5 12. dxc5 bxc5 13. f5 exf5 14. Bxf5 Nf6 15. Ng5 d5 16. Re3 Bd6 17. Kb1 d4 18. Nce4 Nxe4 19. Bxh7+ Kh8 20. Bxe4 Bxe4 21. Qh5+ Kg8 22. Rxe4 1-0


[Site "https://www.chess.com"]

[Event "Titled Tuesday Blitz December 14 2021"]
[White "Zierk, Steven"]
[Black "Saxar85"]
[WhiteFideId "2034255"]
[WhiteElo "2494"]
[BlackElo "2723"]
[Result "0-1"]
[Round "10"]
[TimeControl "180+1"]
[Date "2021.12.14"]
[WhiteClock "0:00:20"]
[BlackClock "0:00:37"]

1. e4 c5 2. Nf3 e6 3. d4 cxd4 4. Nxd4 Nf6 5. Nc3 Nc6 6. Ndb5 Bb4 7. a3 Bxc3+ 8. Nxc3 d5 9. exd5 exd5 10. Bd3 O-O 11. O-O Bg4 12. Qd2 Re8 13. Qg5 d4 14. Ne4 Nxe4 15. Qxg4 Nc5 16. Bxh7+ Kxh7 17. Qf5+ Kg8 18. Qxc5 Rc8 19. Qb5 Qb6 20. Qxb6 axb6 21. Bf4 Re2 22. Rac1 Na5 23. Rfd1 Rcxc2 24. Rxc2 Rxc2 25. Rxd4 Rxb2 26. Rd8+ Kh7 27. g3 b5 28. Rd7 f6 29. Bd6 Rd2 30. Rd8 Nc6 31. Rd7 Ne5 32. Bxe5 Rxd7 33. Bc3 Rd3 34. Bb4 Kg6 35. Kg2 Kf5 36. f3 g5 37. h4 g4 38. f4 Ke4 39. h5 Kf5 40. Kf2 Rf3+ 41. Kg2 Re3 42. Kf2 Re8 43. h6 Rh8 44. Ke3 Rxh6 45. Kd4 Rh2 46. Kc5 Rg2 47. Be1 Rb2 48. Kb6 Rb3 49. Bb4 Rxg3 50. Kxb7 Rf3 51. Kb6 g3 52. Kxb5 g2 53. Bc5 Rxa3 0-1


[Site "https://www.chess.com"]

[Event "Titled Tuesday Blitz December 14 2021"]
[White "Acor, Corey"]
[Black "Ovetchkin, Roman"]
[WhiteFideId "2024861"]
[BlackFideId "4119991"]
[WhiteElo "2303"]
[BlackElo "2432"]
[Result "1/2-1/2"]
[Round "11"]
[TimeControl "180+1"]
[Date "2021.12.14"]
[WhiteClock "0:00:02"]
[BlackClock "0:00:08"]

1. e4 c6 2. d3 d5 3. Nd2 Qc7 4. g3 Nf6 5. Bg2 Bg4 6. Ne2 dxe4 7. dxe4 e5 8. h3 Be6 9. O-O Bc5 10. Kh2 h5 11. Nf3 Nxe4 12. Qe1 Nd7 13. Nf4 exf4 14. Bxf4 Bd6 15. Qxe4 Bxf4 16. Qxf4 Qxf4 17. gxf4 O-O-O 18. Rfe1 Nc5 19. Re5 Na4 20. b3 Nc3 21. Ng5 Rd2 22. Rc5 Ne2 23. f5 Bd7 24. Ne4 Rd4 25. c3 Rd5 26. Re1 Nf4 27. Rxd5 cxd5 28. Nd6+ Kc7 29. Nxf7 Rf8 30. Re7 h4 31. Ne5 Kd6 32. Rxd7+ Kxe5 33. Rxg7 Rxf5 34. Rxb7 a5 35. Rb5 Kd6 36. Rxa5 Nd3 37. Kg1 Rg5 38. Kf1 Nf4 39. Bf3 Nxh3 40. c4 Rg1+ 41. Ke2 dxc4 42. bxc4 Rb1 43. c5+ Kc7 44. Ra7+ Kb8 45. Rh7 Rb2+ 46. Ke3 Ng5 47. Rh8+ Kc7 48. Rxh4 Rxa2 49. Bd5 Rc2 50. Rc4 Rxc4 51. Bxc4 Kc6 52. f4 Nh3 53. f5 Kxc5 54. Ba2 Kd6 55. Ke4 Ng5+ 56. Kf4 Nh7 57. Kg4 Nf6+ 58. Kg5 Ke5 59. Kg6 Ne4 60. Bb1 Nf6 61. Bc2 Nd7 1/2-1/2


[Site "https://www.chess.com"]